 Dungeon Crawl Stone Soup version 0.22.0-27-ga576289601 (webtiles) character file.

84 Peloso the Covered (level 4, -5/40 HPs)
             Began as a Minotaur Fighter on Aug 21, 2018.
             Killed from afar by Sigmund (8 damage)
             ... with a magic dart
             ... on level 3 of the Dungeon.
             The game lasted 00:03:28 (1675 turns).

Peloso the Covered (Minotaur Fighter)               Turns: 1675, Time: 00:03:29

Health: -5/40      AC:  7    Str: 25    XL:     4   Next: 24%
Magic:  3/3        EV:  6    Int:  5    God:
Gold:   189        SH: 10    Dex: 11    Spells: 3/3 levels left

rFire    . . .     SeeInvis .   a - +0 long sword
rCold    . . .     Gourm    .   c - +0 shield
rNeg     . . .     Faith    .   b - +0 scale mail
rPois    .         Spirit   .   (helmet restricted)
rElec    .         Reflect  .   (no cloak)
rCorr    .         Harm     .   (no gloves)
MR       .....                  (no boots)
Stlth    ..........             (no amulet)
HPRegen  0.13/turn              e - -2 ring of evasion (curse)
MPRegen  0.08/turn              (no ring)

@: mighty
A: retaliatory headbutt, horns 2
a: no special abilities


You were on level 3 of the Dungeon.
You were near starving.

You visited 1 branch of the dungeon, and saw 3 of its levels.

You collected 189 gold pieces.

Inventory:

Hand Weapons
 a - a +0 long sword (weapon)
Armour
 b - a +0 scale mail (worn)
 c - a +0 shield (worn)
Jewellery
 e - a cursed -2 ring of evasion (left hand)
Scrolls
 g - 2 scrolls of identify {unknown}
 h - a scroll of magic mapping {unknown}
 i - a scroll of blinking {unknown}
 k - a scroll of teleportation {unknown}
 l - a scroll of amnesia {unknown}
 n - a scroll of enchant weapon {unknown}
 s - a scroll of random uselessness {unknown}
Potions
 d - a potion of might
 j - 2 potions of lignification {unknown}
 m - a potion of haste {unknown}
 o - a potion of degeneration {unknown}
 p - a potion of flight {unknown}
 q - 3 potions of ambrosia {unknown}
 r - 2 potions of curing {unknown}
Comestibles
 f - 4 rations


   Skills:
 + Level 4.2 Fighting
 + Level 3.1 Long Blades
 + Level 4.7 Armour
 + Level 0.9 Dodging
 + Level 4.2 Shields


You had 3 spell levels left.
You didn't know any spells.
Your spell library was empty.

Dungeon Overview and Level Annotations

Branches:
Dungeon (3/15)

Altars:

Annotations:
D:3 Sigmund


Innate Abilities, Weirdness & Mutations

You reflexively headbutt those who attack you in melee.
You have a pair of horns on your head.


Message History

* * * LOW HITPOINT WARNING * * *
Something burns you.
* * * LOW HITPOINT WARNING * * *
You bump into the rock wall.
Something hits you but does no damage. Something hits you.
* * * LOW HITPOINT WARNING * * *
Something burns you.
* * * LOW HITPOINT WARNING * * *
You miss something. Your headbutt misses something. Something hits you.
* * * LOW HITPOINT WARNING * * *
Something burns you.
* * * LOW HITPOINT WARNING * * *
You miss something. Something hits you but does no damage.
You bump into the rock wall.
You barely miss something.
You feel less confused.
You hear some strange, mumbled words.
A magic dart appears from out of thin air!
The magic dart hits you!
You die...

#.#.............
#.#....@........
#.#.............
###..PP...........
#................#
###.##...######..#..
#.###### #..#.> #{#
#..#.. #@# #..#..
#.###########..#..
#.................
############.##..#..
#..........)........
##.########.........
#.# #...##....#.###
#.# #...##....#....
#.# #...##....#..#.


There were no monsters in sight!

Vanquished Creatures
  2 adders (D:2)
  3 worms (D:2)
  A dart slug (D:1)
  A leopard gecko (D:1)
  2 ball pythons
  2 giant cockroaches (D:1)
  6 hobgoblins
  4 jackals (D:1)
  8 kobolds
  3 quokkas (D:2)
  8 bats
  5 frilled lizards
  3 goblins (D:1)
  2 rats
50 creatures vanquished.

Notes
Turn   | Place    | Note
-------+----------+-------------------------------------------
     0 | D:1      | Peloso the Minotaur Fighter began the quest for the Orb.
     0 | D:1      | Reached XP level 1. HP: 19/19 MP: 0/0
   229 | D:1      | Reached XP level 2. HP: 25/27 MP: 1/1
   384 | D:1      | Reached XP level 3. HP: 26/33 MP: 2/2
  1250 | D:2      | Reached XP level 4. HP: 40/40 MP: 3/3
  1640 | D:3      | Noticed Sigmund
  1672 | D:3      | HP: 2/40 [something (1)]
  1675 | D:3      | Killed from afar by Sigmund

Skill      XL: |  1  2  3 |
---------------+----------+-----
Armour         | 4 |  4.7
Shields        | 4 |  4.2
Fighting       | 4 |  4.2
Long Blades    | 3 |  3.1
Dodging        | |  0.9

Action                   |  1- 3 |  4- 6 || total
-------------------------+-------+-------++-------
Melee: Long sword        |    98 |    32 ||   130
       Headbutt          |    16 |     3 ||    19
  Use: Potion            |       |     1 ||     1
  Eat: Chunk             |     1 |       ||     1
Armor: Scale mail        |    66 |    11 ||    77
Dodge: Dodged            |    34 |     6 ||    40
Block: Shield            |    80 |    13 ||    93
       Rpst.: Long sword |     3 |     3 ||     6
